 Dungeon Crawl Stone Soup version 0.28.0-43-g3370ac3207 (webtiles) character file.

Game seed: 3425669117458158866

4291 Rudioso the Slicer (level 10, 0/49 HPs)
             Began as a Vine Stalker Fighter on Mar 29, 2022.
             Was a Believer of Uskayaw.
             Slain by a gnoll
             ... wielding a +2 whip of holy wrath
              (6 damage)
             ... on level 9 of the Dungeon on Mar 30, 2022.
             The game lasted 01:04:28 (5827 turns).

Rudioso the Slicer (Vine Stalker Fighter)           Turns: 5827, Time: 01:04:31

Health: 0/49       AC: 12    Str: 29    XL:     10   Next: 32%
Magic:  0/14       EV:  9    Int:  8    God:    Uskayaw [**....]
Gold:   382        SH:  9    Dex: 14    Spells: 9/9 levels left

rFire   + . .      SeeInvis .   p - +1 short sword (flame)
rCold   + . .      Faith    .   c - +0 buckler
rNeg    . . .      Spirit   +   b - +0 scale mail
rPois   .          Reflect  +   D - +0 helmet
rElec   .          Harm     .   M - scarf {rC+ rF+}
rCorr   .          Rampage  .   H - +0 pair of gloves
Will    +....                   (no boots)
Stlth   ..........              y - amulet of reflection
HPRegen 0.96/turn               N - +6 ring of strength
MPRegen 0.14/turn               k - +4 ring of protection

@: mighty, lethally poisoned (0 -> -7), about to teleport
A: fangs 3, regeneration 1, magic shield, antimagic bite, no potion heal 2
a: Renounce Religion, Stomp, Line Pass


You were on level 9 of the Dungeon.
You worshipped Uskayaw.
Uskayaw was noncommittal.
You visited 2 branches of the dungeon, and saw 10 of its levels.

You collected 382 gold pieces.

Inventory:

Hand Weapons
 d - a +2 dagger of holy wrath
 n - a +2 whip of venom
 p - a +1 short sword of flaming (weapon)
 t - a +0 hunting sling
Missiles
 i - 128 stones (quivered)
 F - 31 sling bullets
Armour
 b - a +0 scale mail (worn)
 c - a +0 buckler (worn)
 r - a +1 cloak
 C - the +2 robe "Etuokk" {rPois rC++}
   (You found it on level 4 of the Dungeon)

   rC:        It greatly protects you from cold.
   rPois:     It protects you from poison.
 D - a +0 helmet (worn)
 H - a +0 pair of gloves (worn)
 J - a +0 tower shield
 M - a scarf of resistance (worn)
 R - a +0 plate armour
Jewellery
 k - a +4 ring of protection (right hand)
 o - a ring of protection from fire
 y - an amulet of reflection (around neck)
 K - a ring of ice
 N - a +6 ring of strength (left hand)
Wands
 w - a wand of polymorph (11)
 O - a wand of digging (4)
 Q - a wand of flame (25)
Scrolls
 a - a scroll of immolation {unknown}
 e - 2 scrolls of noise
 f - a scroll of teleportation
 g - a scroll of magic mapping
 q - a scroll of vulnerability {unknown}
 u - 5 scrolls of identify
 v - 2 scrolls of amnesia
 x - 3 scrolls of enchant weapon
 z - 2 scrolls of enchant armour
 I - a scroll of fear {unknown}
 L - a scroll of torment {unknown}
Potions
 h - 5 potions of heal wounds
 l - a potion of berserk rage {unknown}
 m - a potion of ambrosia {unknown}
 s - a potion of flight {unknown}
 A - a potion of mutation {unknown}
 B - a potion of brilliance
 E - 2 potions of degeneration
 P - a potion of attraction {unknown}


   Skills:
 - Level 4.0 Fighting
 - Level 12.3 Short Blades
 - Level 2.4 Armour
 - Level 2.6 Shields
 + Level 4.9 Invocations


You had 9 spell levels left.
You didn't know any spells.
Your spell library contained the following spells:

 Spells                   Type           Power      Damage    Failure   Level
 Sublimation of Blood     Necr           0%         N/A       88%         2
 Wereblood                Tmut           0%         N/A       88%         2
 Summon Hydra             Summ           0%         N/A       100%        7


Dungeon Overview and Level Annotations

Branches:
Dungeon (9/15)             Temple (1/1) D:4
   Lair: D:8-11         Orc: D:9-12

Altars:
Ashenzari
Cheibriados
Dithmenos
Elyvilon
Fedhas
Gozag
Makhleb
Nemelex Xobeh
Okawaru
Qazlal
Ru
Sif Muna
Trog
Uskayaw
Vehumet
Wu Jian
The Shining One

Portals:
Bailey: D:9

Annotations:
D:3 1 runed translucent door, Tayschli's ghost, amateur GnWn


Innate Abilities, Weirdness & Mutations

You have razor-sharp teeth.
Your natural rate of healing is unusually fast.
When hurt, damage is shared between your health and your magic reserves.
Your bite disrupts and absorbs the magic of your enemies.
Potions cannot restore your health.


Message History

You are poisoned.
The killer bee poisons you! The killer bee closely misses you.
A goblin comes into view. It is wielding a +0 spear.
You puncture the killer bee! You burn the killer bee.
The killer bee is severely wounded.
You feel sick.
The killer bee stings you but does no damage.
The killer bee closely misses you.
The killer bee stings you but does no damage. x2
You can now pass through a line of other dancers.
You puncture the killer bee! You burn the killer bee.
You kill the killer bee!
You feel sick.
The killer bee stings you but does no damage.
The killer bee barely misses you.
You closely miss the killer bee. Your bite misses the killer bee.
The killer bee stings you.
You are more poisoned.
The killer bee poisons you! The killer bee barely misses you.
You stomp with the beat, sending a shockwave through the revellers around you!
The killer bee is heavily wounded.
The killer bee is severely wounded.
The gnoll is moderately wounded.
You can no longer pass through a line of other dancers.
You feel very sick.
The killer bee stings you but does no damage.
The killer bee barely misses you. You block the killer bee's attack.
The orc warrior hits you from afar with a +0 glaive!
* * * LOW HITPOINT WARNING * * *
The gnoll barely misses you. The killer bee stings you.
* * * LOW HITPOINT WARNING * * *
You can now pass through a line of other dancers.
As you read the scroll of teleportation, it crumbles to dust.
You feel strangely unstable.
You feel sick. The killer bee stings you!
* * * LOW HITPOINT WARNING * * *
You are lethally poisoned!
The killer bee poisons you! You block the killer bee's attack. x2
The orc warrior barely misses you.
The gnoll hits you with a +2 whip of holy wrath!
You die...

#... .....
##...#####.......
##.................
....................
............§........
........§..§..........
#.....ygo§§...........
#.g..@yoo§§...........
......####§§............
≈≈g≈≈ #§§............
≈.gg #..§g.......... ≈.∩
#.............. ≈.
#....#o......... ≈
......###.........
.......# #o........
......####.........


You could see an orc warrior, 2 killer bees, a gnoll, 2 orcs and 4 goblins.

Vanquished Creatures
  A two-headed ogre (D:9)
  A troll (shapeshifter) (D:8)
  Grinder (D:4)
  A wraith (D:8)
  A water moccasin (D:6)
  2 orc warriors
  An ice beast (D:5)
  A sky beast (D:8)
  A black bear (D:4)
  A necrophage (D:4)
  3 centaurs
  An ogre (D:4)
  2 phantoms
  3 bullfrogs
  A gnoll sergeant (D:5)
  2 wyvern zombies
  A scorpion (D:7)
  A water moccasin zombie (D:5)
  A wyvern skeleton (D:7)
  A water moccasin skeleton (D:5)
  2 killer bees (D:9)
  5 wights (D:8)
  2 centaur skeletons
  2 hounds
  3 orc priests
  2 bullfrog skeletons (D:7)
  A gnoll shaman (D:5)
  5 iguanas
  A scorpion zombie (D:5)
  7 orc wizards
  Ijyb (D:2)
  A killer bee zombie (D:8)
  3 hound skeletons (D:4)
  2 howler monkey zombies
  14 gnolls
  3 howler monkey skeletons
  11 adders
  2 ufetubi
  An adder skeleton (D:4)
  4 worms
  6 dart slugs
  23 orcs
  2 endoplasms (D:4)
  A giant cockroach (D:3)
  3 goblins
  8 hobgoblins
  9 jackals
  3 quokkas
  5 ball pythons
  6 bats
  A frilled lizard (D:1)
  7 kobolds
  9 rats
  A bush (D:6)
183 creatures vanquished.

Vanquished Creatures (others)
  An orc wizard (D:7)
  4 plants (D:4)
5 creatures vanquished.

Grand Total: 188 creatures vanquished

Notes
Turn   | Place    | Note
-------+----------+-------------------------------------------
     0 | D:1      | Rudioso the Vine Stalker Fighter began the quest for the
                  | Orb.
     0 | D:1      | Reached XP level 1. HP: 11/11 MP: 2/2
   159 | D:1      | Reached skill level 2 in Short Blades
   218 | D:1      | Reached XP level 2. HP: 11/16 MP: 3/3
   509 | D:1      | Found a faded altar of an unknown god.
   768 | D:2      | Reached skill level 3 in Short Blades
   776 | D:2      | Reached XP level 3. HP: 14/19 MP: 1/4
  1273 | D:3      | Found a snail-covered altar of Cheibriados.
  1312 | D:3      | Gained mutation: Your natural rate of healing is unusually
                  | fast. [Vine Stalker growth]
  1312 | D:3      | Reached XP level 4. HP: 12/23 MP: 5/5
  1339 | D:3      | Noticed Ijyb
  1410 | D:2      | Killed Ijyb
  1411 | D:2      | Reached skill level 4 in Short Blades
  1528 | D:3      | Reached XP level 5. HP: 22/28 MP: 4/6
  1632 | D:3      | Found a runed translucent door.
  1635 | D:3      | Noticed Tayschli's ghost (amateur GnWn)
  2005 | D:4      | Noticed Grinder
  2016 | D:4      | Paralysed by Grinder for 2 turns
  2114 | D:4      | Identified the +2 robe "Etuokk" {rPois rC++}
  2295 | D:4      | Noticed a black bear
  2336 | D:4      | Reached XP level 6. HP: 33/33 MP: 7/7
  2363 | D:4      | Found a staircase to the Ecumenical Temple.
  2417 | D:4      | Killed a black bear
  2418 | D:4      | Reached skill level 5 in Short Blades
  2466 | Temple   | Entered the Ecumenical Temple
  2486 | Temple   | Became a worshipper of Uskayaw the Reveller
  2715 | D:4      | Reached * piety under Uskayaw
  2718 | D:4      | Reached ** piety under Uskayaw
  2898 | D:4      | Reached skill level 6 in Short Blades
  2898 | D:4      | Reached XP level 7. HP: 35/37 MP: 8/8
  3024 | D:4      | Reached *** piety under Uskayaw
  3169 | D:4      | Killed Grinder
  3170 | D:4      | Reached skill level 7 in Short Blades
  3240 | D:4      | Gained mutation: You have razor-sharp teeth. [Vine Stalker
                  | growth]
  3240 | D:4      | Reached XP level 8. HP: 19/42 MP: 3/9
  3295 | D:4      | Reached skill level 8 in Short Blades
  3297 | D:4      | Reached **** piety under Uskayaw
  3405 | D:5      | Entered Level 5 of the Dungeon
  3498 | D:5      | Reached ***** piety under Uskayaw
  3504 | D:5      | Reached skill level 9 in Short Blades
  3785 | D:5      | Reached XP level 9. HP: 42/45 MP: 8/10
  3981 | D:5      | Reached skill level 10 in Short Blades
  4174 | D:6      | Found a shadowy altar of Dithmenos.
  4331 | D:6      | Found a blossoming altar of Fedhas.
  4755 | D:7      | Reached skill level 11 in Short Blades
  5059 | D:7      | Found a burning altar of Makhleb.
  5306 | D:8      | Noticed a troll
  5311 | D:8      | Killed a troll
  5312 | D:8      | Reached skill level 12 in Short Blades
  5325 | D:8      | Reached XP level 10. HP: 37/49 MP: 9/11
  5516 | D:8      | Found an opulent altar of Gozag.
  5532 | D:8      | Reached skill level 1 in Invocations
  5665 | D:9      | Found an ornate altar of the Wu Jian Council.
  5768 | D:9      | Noticed a two-headed ogre
  5776 | D:9      | Killed a two-headed ogre
  5819 | D:9      | Found a flagged portal.
  5827 | D:9      | Slain by a gnoll

Illustrated notes

Levels and vault maps discovered:
D:1:      minmay_arrival_wavy_path, layout_loops_cross,
          hellmonk_ecumenical_altar_run_dry, wad_floor_pattern_untrapped
D:2:      layout_basic
D:3:      layout_rooms, old_standard_altar, ebering_ghost_reflecting_pool,
          uniq_ijyb
D:4:      cheibrodos_barr_body, layout_basic, temple_statues, serial_bayou,
          serial_bayou_crossing, serial_bayou_pond_d, serial_bayou_lagoon_a,
          serial_bayou_pond_e, hangedman_decor_slide_cut, grunt_ministairs_13,
          uniq_grinder
D:5:      layout_basic
D:6:      layout_rooms, grunt_dithmenos_smoke, fedhas_bush_and_centaur_altar
D:7:      layout_rooms, mainiacjoe_overflow_chevrons,
          hangedman_abyss_or_decor_stagger, minivault_27,
          nicolae_concentric_dashed_squares_wild, ebering_dispersal_statue_hall,
          minmay_circle_x
D:8:      minmay_cornered_nines, layout_rooms, lemuel_doored_altar,
          gammafunk_temple_overflow_pools, minmay_statues_item
D:9:      layout_layer_cave, mainiacjoe_overflow_cross_hatched,
          mainiacjoe_overflow_catwalk, nzn_wu_jian_council_hall, enter_bailey_5,
          hangedman_decor_clover_reticule
Temple:   minmay_temple_bridge_abc

Skill      XL: |  1  2  3  4  5  6  7  8  9 10 |
---------------+-------------------------------+-----
Short Blades   | 2 3 4 6 7 9 12 | 12.3
Fighting       | 3 4 |  4.0
Invocations    | 4 |  4.9
Armour         | |  2.4
Shields        | |  2.6

Action                   |  1- 3 |  4- 6 |  7- 9 | 10-12 || total
-------------------------+-------+-------+-------+-------++-------
Melee: Rapier            |    66 |       |       |       ||    66
       Bite              |    23 |    29 |   129 |    11 ||   192
       Short sword       |    48 |   134 |   389 |    36 ||   607
Invok: Stomp             |       |       |       |     2 ||     2
  Use: Potion            |     1 |     2 |     3 |     2 ||     8
       Scroll            |       |     4 |     4 |     2 ||    10
 Stab: Paralysed         |       |       |    14 |     1 ||    15
Armor: Scale mail        |    34 |    56 |    82 |    18 ||   190
Dodge: Dodged            |    50 |    48 |    74 |    26 ||   198
Block: Buckler           |    33 |    56 |    95 |    25 ||   209
       Reflection        |       |     3 |     8 |       ||    11
